 Dungeon Crawl Stone Soup version 0.32-a0-401-g0bcb2a7693 (webtiles) character file.

Game seed: 11827375991214763182

24931 Kenran the Carver (level 13, 0/106 HPs)
             Began as a Coglin Gladiator on Feb 20, 2024.
             Was a Priest of Trog.
             Slain by a white ugly thing (21 damage)
             ... in a Gauntlet.
             The game lasted 00:27:14 (11061 turns).

Kenran the Carver (Coglin Gladiator)               Turns: 11061, Time: 00:27:14

Health: 0/106      AC:  6    Str: 17    XL:     13   Next: 16%
Magic:  9/13       EV: 26    Int:  6    God:    Trog [***...]
Gold:   710        SH:  0    Dex: 26    Spells: 12/12 levels left

rFire   . . .        z - +6 long sword of Dishonour {flame, rCorr Str+2 SInv}
rCold   . . .        w - +2 short sword (venom) {Sextus}
rNeg    . . .        K - +0 troll leather armour
rPois   +            A - +1 hat {Will+}
rElec   .            q - +0 cloak
rCorr   +            (no gloves)
SInv    +            E - +0 pair of boots
Will    +....        v - amulet of regeneration
Stlth   ++           M - ring "Idira" {+Blink rPois rCorr EV+5 Int-2}
HPRegen 1.97/turn    a - +6 ring of dexterity
MPRegen 0.13/turn

%: no teleportation
@: immotile, revved
A: off-hand wielding, slow wielding, warmup strikes, legs shutdown
a: Renounce Religion, Evoke Blink, Berserk, Trog's Hand


You were in a Gauntlet.
You worshipped Trog.
Trog was most pleased with you.
You visited 3 branches of the dungeon, and saw 14 of its levels.
You also visited: Gauntlet.

You collected 710 gold pieces.

Inventory:

Hand Weapons
 o - a +2 long sword of flaming
 w - a +2 short sword of venom (worn) {Sextus}
 z - the +6 long sword of Dishonour (weapon) {flame, rCorr Str+2 SInv}
   (You found it on level 5 of the Dungeon)

   Str+2:     It affects your strength (+2).
   SInv:      It lets you see invisible.
   rCorr:     It protects you from acid and corrosion.
Missiles
 d - 4 throwing nets (quivered)
 e - 5 javelins
Armour
 q - a +0 cloak (worn)
 A - a +1 hat of willpower (worn)
 E - a +0 pair of boots (worn)
 G - +0 acid dragon scales
 K - a +0 troll leather armour (worn)
Jewellery
 a - a +6 ring of dexterity (right grasper)
 c - a ring of willpower
 v - an amulet of regeneration (around neck)
 M - the ring "Idira" (left grasper) {+Blink rPois rCorr EV+5 Int-2}
   (You found it on level 1 of the Lair of Beasts)

   [ring of evasion]

   EV+5:      It affects your evasion (+5).
   Int-2:     It affects your intelligence (-2).
   rPois:     It protects you from poison +Blink: It lets you blink.
   rCorr:     It protects you from acid and corrosion.
 P - a ring of see invisible
Wands
 u - a wand of flame (14)
 H - a wand of charming (12)
 I - a wand of light (1)
 J - a wand of polymorph (8)
 O - a wand of roots (5)
Scrolls
 g - 4 scrolls of teleportation
 h - a scroll of silence
 i - a scroll of blinking
 j - 3 scrolls of fear
 l - 3 scrolls of enchant weapon
 n - a scroll of revelation {unknown}
 s - 5 scrolls of summoning
 t - 3 scrolls of fog
 y - 2 scrolls of immolation {!r}
 B - 2 scrolls of brand weapon
 Q - a scroll of vulnerability {unknown}
Potions
 b - a potion of resistance {unknown}
 f - 3 potions of degeneration {unknown}
 k - 3 potions of might
 m - 3 potions of haste {unknown}
 p - 3 potions of magic {unknown}
 r - 5 potions of curing {@q1}
 C - 2 potions of heal wounds {unknown}
 D - a potion of berserk rage {unknown}
 F - 4 potions of attraction {unknown}
 L - 2 potions of brilliance {unknown}
 N - a potion of ambrosia {unknown}
 S - a potion of lignification {unknown}


   Skills:
 + Level 11.2 Fighting
 + Level 4.4(9.4) Short Blades
 - Level 13.9(14.2) Long Blades
 - Level 3.2 Throwing
 - Level 4.0 Armour
 - Level 10.0 Dodging
 - Level 5.0 Evocations


You had 12 spell levels left.
You didn't know any spells.
Your spell library contained the following spells:

 Spells                   Type           Power      Damage    Failure   Level
 Blink                    Tloc           0%         N/A       65%         2
 Ensorcelled Hibernation  Hex/Ice        0%         N/A       65%         2
 Lesser Beckoning         Tloc           0%         N/A       65%         2
 Mercury Vapours          Alch/Air       0%         N/A       65%         2
 Momentum Strike          Conj/Tloc      0%         3d8       65%         2
 Gell's Gravitas          Tloc           0%         N/A       87%         3
 Mephitic Cloud           Conj/Alch/Air  0%         N/A       87%         3
 Passwall                 Erth           0%         N/A       87%         3
 Swiftness                Air            0%         N/A       87%         3
 Teleport Other           Tloc           0%         N/A       87%         3
 Tukima's Dance           Hex            0%         N/A       87%         3
 Dimensional Bullseye     Hex/Tloc       0%         N/A       99%         4
 Iskenderun's Mystic Bla  Conj/Tloc      0%         2d3       99%         4
 Freezing Cloud           Conj/Ice/Air   0%         6-21      100%        5
 Dispersal                Tloc           0%         N/A       100%        6


Dungeon Overview and Level Annotations

Branches:
Dungeon (10/15)            Temple (1/1) D:4            Lair (3/5) D:8
 Shoals (0/4) Lair:2      Gauntlet (1/1)
  Snake: Lair:2-3    Spider: Lair:2-3       Orc: D:9-12

Altars:
Ashenzari
Cheibriados
Dithmenos
Elyvilon
Fedhas
Gozag
Hepliaklqana
Kikubaaqudgha
Makhleb
Nemelex Xobeh
Okawaru
Qazlal
Ru
Sif Muna
Trog
Uskayaw
Vehumet
Wu Jian
Xom
Yredelemnul
Zin
The Shining One

Shops:
D:3 (

Annotations:
D:6 3 runed translucent doors, flt's ghost, novice KoBr; fly's ghost, novice KoDe; hattey's ghost, novice HuWn; hitsuchi's ghost, novice MDCA
D:8 2 transporters
D:9 exclusion: ice statue
Lair:1 exclusion: downstairs Gauntlet 7 transporters, 2 runed translucent doors, exclusion: oklob plant


Innate Abilities, Weirdness & Mutations

You can wield a second weapon in your off-hand.
It takes a long time for you to wield or remove held weapons.
Your first few attacks do less damage.
Attacking and casting redirects power from your legs.


Message History

You slash the glowing orange brain with the +6 long sword of Dishonour!
You burn the glowing orange brain.
You kill the glowing orange brain!
Trog accepts your kill.
The glowing orange brain pulsates.
Something gnaws on your mind!
You feel your power leaking away.
The white ugly thing completely misses you.
You cannot move.
You hit the glowing orange brain with your +2 short sword of venom.
The glowing orange brain looks as sick as possible!
The glowing orange brain is severely wounded.
You slash the glowing orange brain with the +6 long sword of Dishonour!
You burn the glowing orange brain.
You hit the glowing orange brain but do no damage.
The glowing orange brain looks as sick as possible!
The glowing orange brain is almost dead.
You hit the glowing orange brain with the +6 long sword of Dishonour.
You burn the glowing orange brain.
You kill the glowing orange brain!
Trog accepts your kill. The white ugly thing barely misses you.
You barely miss the white ugly thing with the +6 long sword of Dishonour.
You hit the white ugly thing with your +2 short sword of venom.
The white ugly thing is poisoned.
You hit the white ugly thing with your +2 short sword of venom.
The white ugly thing looks as sick as possible!
The white ugly thing is lightly wounded.
You slash the white ugly thing with the +6 long sword of Dishonour!
You burn the white ugly thing. The white ugly thing gores you!
The white ugly thing freezes you!!
You slash the white ugly thing with the +6 long sword of Dishonour!
You burn the white ugly thing.
The white ugly thing is heavily wounded.
You puncture the white ugly thing with your +2 short sword of venom!
The white ugly thing looks as sick as possible!
The white ugly thing gores you!
* * * LOW HITPOINT WARNING * * *
The white ugly thing freezes you!!
You die...

≣≈..............∩...........
≣≣..≣≣≣≣≣≣≣≣≣≣≣..≣≣≣≣≣≣≣≣≣..
≣≈..≣?...©[≣.?≣..≣≣≣≣©≣≣≣≣..
≣≣..≣.....≣...≣..≣≣≣.?"≣≣≣..
≣≈..≣≣....≣...≣..≣.y+≣≣..≣..
≣≣..≣.≣≣.≣....≣..≣..≣©≣..≣..
≣≈..≣...≣≣≣...≣..≣..≣≣+..≣..
≣≣..≣....≣u≣≣.≣..≣≣≣...≣≣≣..
≣≈..≣...≣..@.≣≣..≣≣≣.yy≣≣≣..
≣≣..≣...≣.....≣..≣≣≣≣≣≣≣≣≣..
≣≈..≣..≣......≣.....≣©≣....§
≣≣..≣≣≣≣≣≣≣≣≣≣≣.....≣©≣....§
≣≈......≣©≣......≣≣≣≣≣≣≣≣≣..
≣≣......≣©≣......≣B.!©.?.≣..
≣§..≣≣≣≣≣≣≣≣≣≣≣..≣.Z###≣.≣..
≣≣..≣....©....≣..≣.#...#.≣..
≣§..≣.##...##.≣..≣.#.©.#.≣..


You could see a white ugly thing (extremely poisoned) and a death scarab.

Vanquished Creatures
  A hydra (Lair:2)
  4 death yaks (Lair:1)
  Nergalle (Lair:1)
  A skyshark (Lair:3)
  2 glowing orange brains (Gauntlet)
  5 elephants
  A smoke demon (Gauntlet)
  4 black mambas
  A gargoyle (D:10)
  Maggie (D:7)
  3 cane toads
  A kobold demonologist (D:10)
  6 komodo dragons
  Psyche (D:9)
  2 trolls (D:10)
  5 hornets
  2 polar bears
  Grinder (D:4)
  Prince Ribbit (D:9)
  8 blink frogs
  Sigmund (D:2)
  A shadow (D:9)
  A wraith (D:10)
  27 yaks
  A basilisk (Lair:1)
  Menkaure (D:6)
  5 water moccasins
  Duvessa (D:7)
  An orc warrior (D:8)
  A sky beast (D:8)
  An ogre (D:6)
  A black bear (D:5)
  6 centaurs
  2 phantoms
  2 kobold brigands
  8 bullfrogs
  A wyvern zombie (D:8)
  A gnoll sergeant (D:8)
  5 scorpions
  5 wights (D:8)
  Dowan (D:7)
  3 killer bees (D:9)
  7 howler monkeys
  5 electric eels
  4 crimson imps
  A bombardier beetle (D:5)
  2 centaur zombies (D:8)
  6 hounds
  6 jellies
  3 orc priests
  A sleepcap (D:5)
  Crazy Yiuf (D:2)
  A gnoll bouda (D:8)
  5 iguanas
  3 orc wizards
  7 hell rats (Lair:2)
  A killer bee zombie (D:8)
  8 gnolls (D:8)
  9 adders
  A shadow imp (D:6)
  4 ufetubi (D:5)
  4 ribbon worms
  23 orcs
  6 endoplasms
  8 goblins
  6 hobgoblins
  8 jackals (D:2)
  A quokka (D:3)
  9 ball pythons
  4 bats
  A frilled lizard (D:2)
  12 kobolds
  2 rats
286 creatures vanquished.

Notes
Turn   | Place    | Note
-------+----------+-------------------------------------------
     0 | D:1      | Kenran the Coglin Gladiator began the quest for the Orb.
     0 | D:1      | Reached XP level 1. HP: 16/16 MP: 1/1
    65 | D:1      | Reached XP level 2. HP: 8/22 MP: 2/2
   435 | D:1      | Reached XP level 3. HP: 28/28 MP: 3/3
  1085 | D:2      | Reached XP level 4. HP: 34/34 MP: 4/4
  1364 | D:2      | Noticed Sigmund
  1370 | D:2      | Killed Sigmund
  1371 | D:2      | Reached skill level 4 in Long Blades
  1371 | D:2      | Reached XP level 5. HP: 36/41 MP: 5/5
  1371 | D:2      | Reached XP level 6. HP: 41/47 MP: 6/6
  1708 | D:2      | Found a faded altar of an unknown god.
  1827 | D:2      | Found a runed translucent door.
  1829 | D:2      | Noticed Crazy Yiuf
  1899 | D:2      | Killed Crazy Yiuf
  2474 | D:3      | Found Xytuc's Weapon Boutique.
  2503 | D:3      | Reached skill level 5 in Long Blades
  2963 | D:4      | Noticed Grinder
  2976 | D:4      | Killed Grinder
  2977 | D:4      | Reached skill level 6 in Long Blades
  2977 | D:4      | Reached XP level 7. HP: 34/52 MP: 7/7
  3127 | D:4      | Found an opulent altar of Gozag.
  3158 | D:4      | Reached skill level 7 in Long Blades
  3213 | D:4      | Found a staircase to the Ecumenical Temple.
  3325 | Temple   | Entered the Ecumenical Temple
  3541 | D:5      | Entered Level 5 of the Dungeon
  3569 | D:5      | Reached XP level 8. HP: 58/58 MP: 8/8
  3622 | D:5      | Reached skill level 8 in Long Blades
  3848 | D:5      | Reached skill level 9 in Long Blades
  4296 | D:5      | Identified the +6 long sword of Dishonour {flame, rCorr
                  | Str+2 SInv}
  4591 | D:6      | Noticed Menkaure
  4595 | D:6      | Killed Menkaure
  4596 | D:6      | Reached skill level 10 in Long Blades
  4598 | D:6      | Reached skill level 1 in Evocations
  4606 | D:6      | Reached XP level 9. HP: 56/65 MP: 9/9
  4755 | D:6      | Reached skill level 5 in Evocations
  4755 | D:6      | Reached skill level 1 in Short Blades
  4843 | D:6      | Found a radiant altar of Vehumet.
  4909 | D:6      | Reached skill level 1 in Armour
  4939 | D:6      | Found a runed translucent gate.
  4939 | D:6      | Found a runed translucent gate.
  4939 | D:6      | Found a runed translucent gate.
  4940 | D:6      | Noticed hitsuchi's ghost (novice MDCA)
  4940 | D:6      | Noticed fly's ghost (novice KoDe)
  4941 | D:6      | Noticed flt's ghost (novice KoBr)
  4941 | D:6      | Noticed hattey's ghost (novice HuWn)
  5220 | D:7      | Noticed Duvessa
  5221 | D:7      | Noticed Dowan
  5239 | D:7      | Killed Duvessa
  5246 | D:7      | Killed Dowan
  5498 | D:7      | Noticed Maggie
  5513 | D:7      | Killed Maggie
  5991 | D:7      | Reached skill level 11 in Long Blades
  6484 | D:8      | Reached XP level 10. HP: 71/71 MP: 10/10
  6686 | D:8      | Found a transporter.
  6739 | D:8      | Reached skill level 12 in Long Blades
  6761 | D:8      | Found a transporter.
  6927 | D:8      | Found a staircase to the Lair.
  6933 | D:8      | Found a burning altar of Makhleb.
  7199 | D:8      | Found a hide-covered altar of Uskayaw.
  7201 | D:8      | Found a shadowy altar of Dithmenos.
  7204 | D:8      | Found a sparkling altar of Nemelex Xobeh.
  7207 | D:8      | Found a bloodstained altar of Trog.
  7211 | D:8      | Found a hazy altar of Hepliaklqana.
  7213 | D:8      | Found a glowing golden altar of the Shining One.
  7214 | D:8      | Found a glowing silver altar of Zin.
  7221 | D:8      | Became a worshipper of Trog the Wrathful
  7228 | D:8      | Found an iron altar of Okawaru.
  7363 | D:9      | Noticed an ice statue
  7488 | D:9      | Identified the +3 spear of Jomurad {vamp, Will- Str+4}
  7509 | D:9      | Reached skill level 5 in Fighting
  7550 | D:9      | Noticed Psyche
  7559 | D:9      | Killed Psyche
  7704 | D:9      | Noticed Prince Ribbit
  7722 | D:9      | Killed Prince Ribbit
  8001 | D:10     | Entered Level 10 of the Dungeon
  8001 | D:10     | Noticed a kobold demonologist
  8003 | D:10     | Killed a kobold demonologist
  8119 | D:10     | Noticed a gargoyle
  8127 | D:10     | Killed a gargoyle
  8221 | D:10     | Reached skill level 13 in Long Blades
  8273 | D:10     | Reached * piety under Trog
  8292 | D:10     | Reached XP level 11. HP: 84/84 MP: 11/11
  8527 | D:10     | Found a shimmering altar of Xom.
  8675 | Lair:1   | Entered Level 1 of the Lair of Beasts
  8695 | Lair:1   | Identified the ring "Idira" {+Blink rPois rCorr EV+5 Int-2}
  8787 | Lair:1   | Noticed Nergalle
  8796 | Lair:1   | Killed Nergalle
  8865 | Lair:1   | Noticed a death yak
  8865 | Lair:1   | Noticed a death yak
  8865 | Lair:1   | Noticed a death yak
  8971 | Lair:1   | Killed a death yak
  9055 | Lair:1   | Noticed a death yak
  9059 | Lair:1   | Killed a death yak
  9115 | Lair:1   | Killed a death yak
  9119 | Lair:1   | Killed a death yak
  9120 | Lair:1   | Reached skill level 5 in Dodging
  9334 | Lair:1   | Reached ** piety under Trog
  9427 | Lair:1   | Reached XP level 12. HP: 92/92 MP: 12/12
  9831 | Lair:2   | Found a staircase to the Shoals.
  9924 | Lair:1   | Reached skill level 10 in Dodging
 10011 | Lair:2   | Reached *** piety under Trog
 10172 | Lair:2   | Reached skill level 10 in Fighting
 10251 | Lair:2   | Noticed a seven-headed hydra
 10257 | Lair:2   | Killed a four-headed hydra
 10686 | Lair:3   | Found a gate leading to a gauntlet.
 10694 | Lair:3   | Noticed a skyshark
 10714 | Lair:3   | Killed a skyshark
 10715 | Lair:3   | Reached XP level 13. HP: 105/105 MP: 13/13
 10719 | Gauntlet | Entered a Gauntlet
 10719 | Gauntlet | Found a transporter.
 10719 | Gauntlet | Found a transporter.
 10721 | Gauntlet | Found a transporter.
 10722 | Gauntlet | Found a transporter.
 10724 | Gauntlet | Found a transporter.
 10730 | Gauntlet | Found a transporter.
 10739 | Gauntlet | Found a transporter.
 10741 | Gauntlet | Found a transporter.
 10744 | Gauntlet | Found a transporter.
 10744 | Gauntlet | Found a transporter.
 10749 | Gauntlet | Found a runed translucent door.
 10752 | Gauntlet | Found a runed translucent door.
 10755 | Gauntlet | Found a transporter.
 10757 | Gauntlet | Found a transporter.
 11061 | Gauntlet | Slain by a white ugly thing

Illustrated notes

Levels and vault maps discovered:
D:1:      minmay_arrival_up_and_down, layout_loops_corners, minmay_hexomino_r4
D:2:      layout_loops_ring, ebering_ecumenical_altar_box, uniq_sigmund,
          uniq_crazy_yiuf_cottage
D:3:      layout_loops_cross, serial_rivers, chequers_serial_rivers_room_b,
          chequers_serial_rivers_marsh, chequers_serial_rivers_large_b,
          chequers_serial_rivers_micro_a, chequers_serial_rivers_micro_e,
          serial_shops, shop
D:4:      layout_basic, overflow_temple_1_default, temple_fountains,
          uniq_grinder
D:5:      kb_forest_paths, layout_basic, serial_park_tiny_pond,
          nicolae_fountain_basement
D:6:      layout_cave_pools, amcnicky_altar_gilded, gammafunk_ghost_cemetery,
          uniq_menkaure
D:7:      layout_layer_cave, serial_bayou, serial_bayou_shore_a,
          serial_bayou_pond_a, serial_bayou_pond_d, serial_bayou_ford_a,
          serial_bayou_crossing, serial_bayou_pond_e, uniq_duvessa, uniq_maggie
D:8:      gammafunk_steamed_eel, layout_basic, minitemple,
          makhleb_grotto_becter, lair_entry_dummy, serial_undead,
          serial_undead_a, serial_undead_d, serial_undead_f, serial_undead_f,
          serial_undead_c, serial_undead_b
D:9:      layout_basic, minivault_10, minivault_16, uniq_prince_ribbit1,
          uniq_psyche
D:10:     layout_irregular_city, kennysheep_little_box,
          amcnicky_mini_corridor_feature, hangedman_decor_opposing
Temple:   eino_temple_lava
Lair:1:   layout_long_grid, serial_bayou_pond_d,
          nicolae_lair_grove_arrangements, chequers_serial_rivers_small_a,
          beast_lair_carwin_5, uniq_nergalle
Lair:2:   layout_gridlike, minmay_shoals_entry_centaurs, grunt_megastairs_5,
          lemuel_fruit_fields, lemuel_fruit_tree
Lair:3:   layout_concentric_octagons, guppyfry_snake_entry_island,
          gauntlet_entry_generic, serial_rivers, chequers_serial_rivers_micro_a,
          chequers_serial_rivers_large_a, chequers_serial_rivers_micro_c,
          chequers_serial_rivers_small_b, chequers_serial_rivers_marsh,
          chequers_serial_rivers_micro_b, serial_bayou_pond_d
Gauntlet: minmay_gauntlet_mixed_big_or_small [gammafunk_gauntlet_arena_split_x,
          minmay_gauntlet_arena_77_p_blocks, gammafunk_gauntlet_arena_corners,
          minmay_gauntlet_arena_77_box, nicolae_gauntlet_swirl,
          minmay_gauntlet_arena_77_cramped, gauntlet_exit_green]

Skill      XL: |  1  2  3  4  5  6  7  8  9 10 11 12 13 |
---------------+----------------------------------------+-----
Throwing       | 2 3 |  3.2
Dodging        | 3 8 10 | 10.0
Fighting       | 3 4 7 8 10 11 | 11.2
Long Blades    | 4 6 7 10 11 13 | 13.9
Evocations     | 2 5 |  5.0
Short Blades   | 1 3 4 |  4.4
Armour         | 4 |  4.0

Action                     |  1- 3 |  4- 6 |  7- 9 | 10-12 | 13-15 || total
---------------------------+-------+-------+-------+-------+-------++-------
  Melee: Long sword        |    55 |   103 |   184 |   395 |    32 ||   769
         Dagger            |    38 |    85 |    77 |       |       ||   200
         Short sword       |       |       |    89 |   355 |    28 ||   472
  Evoke: Wand              |       |       |    12 |     8 |       ||    20
    Use: Scroll            |       |     4 |     3 |     4 |       ||    11
         Potion            |       |     2 |       |       |     1 ||     3
   Stab: Sleeping          |       |       |       |     2 |       ||     2
         Invisible         |       |       |       |    13 |       ||    13
 Armour: Leather armour    |    31 |     6 |       |       |       ||    37
         Scale mail        |       |    45 |   105 |       |       ||   150
         Acid dragon scale |       |       |     7 |    56 |       ||    63
         Troll leather arm |       |       |       |    72 |    13 ||    85
  Dodge: Dodged            |    31 |    48 |   104 |   230 |    14 ||   427

Table legend: (Time is in decaauts)
 A = Elapsed time spent in this place.
 B = Non-inter-level travel time spent in this place.
 C = Inter-level travel time spent in this place.
 D = Time resting spent in this place.
 E = Time spent auto-exploring this place.
 F = Levels seen in this place.
 G = Mean time per level.
                   A        B        C        D        E       F      G
               +--------+--------+--------+--------+--------+-----+--------+
         Total |  10936 |  10207 |    729 |   1047 |   6396 |  15 |  729.1 |
       Dungeon |   8672 |   8016 |    656 |    936 |   5209 |  10 |  867.2 |
        Temple |      1 |      1 |      0 |      0 |      0 |   1 |    1.0 |
          Lair |   1932 |   1860 |     72 |     85 |   1065 |   3 |  644.0 |
      Gauntlet |    329 |    329 |      0 |     26 |    121 |   1 |  329.0 |
               +--------+--------+--------+--------+--------+-----+--------+

Top non-repeatable levels by time:
     D:7: 1188 daAuts
     D:1: 1121 daAuts
  Lair:1: 1080 daAuts
     D:8: 1043 daAuts
     D:5: 1014 daAuts
     D:2: 929 daAuts
     D:3: 876 daAuts
  Lair:2: 827 daAuts
     D:4: 647 daAuts
     D:6: 633 daAuts
     D:9: 617 daAuts
    D:10: 599 daAuts
Gauntlet: 329 daAuts
  Lair:3: 25 daAuts
  Temple: 1 daAuts
